 Dungeon Crawl Stone Soup version 0.27-a0-590-g94244163b4 (webtiles) character file.

Game seed: 8088718450053818727

1439 tilp the Insei (level 8, -4/54 HPs)
             Began as an Octopode Transmuter on Mar 10, 2021.
             Was a Believer of Okawaru.
             Slain by an orc warrior
             ... wielding a +0 halberd
              (16 damage)
             ... on level 6 of the Dungeon.
             The game lasted 00:13:26 (7711 turns).

tilp the Insei (Octopode Transmuter)                Turns: 7711, Time: 00:13:27

Health: -4/54      AC:  5    Str:  9    XL:     8   Next: 74%
Magic:  21/21      EV: 13    Int: 18    God:    Okawaru [**....]
Gold:   248        SH:  0    Dex: 12    Spells: 7/13 levels left

rFire    . . .     SeeInvis .     - Unarmed
rCold    . . .     Faith    .   (no shield)
rNeg     . . .     Spirit   .   (helmet restricted)
rPois    .         Reflect  .   (no amulet)
rElec    .         Harm     .   l - ring of resist corrosion
rCorr    +         Rampage  .   k - +4 ring of protection
Will     .....                  z - ring of magical power
Stlth    +++.......             (no ring)
HPRegen  0.18/turn              (no ring)
MPRegen  0.17/turn              (no ring)
                                (no ring)
                                (no ring)

@: no status effects
A: almost no armour, amphibious, 8 rings, camouflage 1, gelatinous body 1,
nimble swimmer 1, tentacles
a: Renounce Religion, Heroism


You were on level 6 of the Dungeon.
You worshipped Okawaru.
Okawaru was pleased with you.
You visited 1 branch of the dungeon, and saw 6 of its levels.

You collected 248 gold pieces.

Inventory:

Missiles
 f - 2 poisoned darts (quivered)
 p - 6 javelins
Jewellery
 k - a +4 ring of protection (right tentacle)
 l - a ring of resist corrosion (left tentacle)
 z - a ring of magical power (on tentacle)
Wands
 w - a wand of mindburst (9)
Scrolls
 a - a scroll of amnesia
 d - a scroll of blinking
 j - 2 scrolls of fear
 m - 5 scrolls of teleportation
 s - a scroll of magic mapping {unknown}
 t - a scroll of noise {unknown}
 v - 2 scrolls of enchant armour
 x - a scroll of immolation
Potions
 b - 3 potions of cancellation
 c - a potion of might
 e - 3 potions of flight
 g - 3 potions of lignification
 h - a potion of brilliance {unknown}
 i - 2 potions of curing
 n - a potion of haste {unknown}
 o - a potion of berserk rage {unknown}
 r - a potion of attraction {unknown}


   Skills:
 - Level 4.0 Fighting
 - Level 2.0 Dodging
 - Level 4.0 Stealth
 - Level 6.0 Unarmed Combat
 + Level 3.2 Spellcasting
 * Level 4.3 Transmutations
 - Level 2.0 Poison Magic
 - Level 4.0 Invocations
 - Level 4.0 Evocations


You had 7 spell levels left.
You knew the following spells:

 Your Spells              Type           Power      Damage    Failure   Level
a - Beastly Appendage     Tmut           36%        N/A       2%          1
b - Wereblood             Tmut           18%        N/A       4%          2
c - Spider Form           Tmut/Pois      7%         N/A       13%         3

Your spell library contained the following spells:

 Spells                   Type           Power      Damage    Failure   Level
 Ice Form                 Ice/Tmut       10%        N/A       54%         4
 Blade Hands              Tmut           9%         N/A       58%         5


Dungeon Overview and Level Annotations

Branches:
Dungeon (6/15)             Temple (0/1) D:5

Altars:
Cheibriados
Elyvilon
Fedhas
Hepliaklqana
Makhleb
Okawaru
Sif Muna
Uskayaw
Zin
The Shining One

Shops:
D:5 (   D:6 =

Annotations:
D:2 1 runed translucent door, Crazy Yiuf
D:5 exclusion: steam dragon, Dowan


Innate Abilities, Weirdness & Mutations

You cannot wear most types of armour.
You are amphibious.
You can wear up to eight rings at the same time.
Your skin changes colour to match your surroundings (Stealth+).
Your rubbery body absorbs attacks. (AC +1, EV +1)
You are stealthy while swimming. (Stealth+)
You have tentacles for arms and can constrict up to eight enemies at once.


Message History

The orc looks even sicker.
The orc is heavily wounded.
An orc comes into view. It is wielding a +0 whip.
You tentacle-slap the orc. Your grab misses the orc.
The orc is severely wounded.
You howl as the wereblood boils in your veins!
The orc barely misses you.
You tentacle-slap the orc.
You kill the orc!
Okawaru accepts your kill.
Aiming: Mindburst
Press: ? - help, Shift-Dir - straight line, f - orc warrior
Aim: an orc warrior, wielding a +0 halberd and wearing a +0 plate armour (chance to affect: 80%)
The orc warrior barely resists.
The orc warrior completely misses you.
Unknown command.
Aiming: Mindburst
Press: ? - help, Shift-Dir - straight line, f/p - orc warrior
Aim: an orc warrior, wielding a +0 halberd and wearing a +0 plate armour (chance to affect: 80%)
The orc warrior's mind is blasted!
Your primal bloodlust has ended.
The orc warrior hits you from afar with a +0 halberd!
An orc wizard appears from thin air!
Reactivating autopickup.
You tentacle-slap the orc warrior. You grab the orc warrior.
The orc warrior is heavily wounded.
You constrict the orc warrior, but do no damage.
The orc warrior misses you.
You tentacle-slap the orc warrior.
The orc warrior is heavily wounded.
You constrict the orc warrior, but do no damage.
The orc warrior hits you with a +0 halberd!!
* * * LOW HITPOINT WARNING * * *
Unknown command.
You tentacle-slap the orc warrior but do no damage.
You tentacle-slap the orc warrior, but do no damage.
You squeeze the orc warrior, but do no damage.
The orc warrior is heavily wounded.
You constrict the orc warrior, but do no damage.
The orc warrior hits you with a +0 halberd!
You die...

### .#.# ..#
##.8##
#.##.###....##
#.....#......#.#
#.oo........
##o########.
#oo......
#o####### #@#
#.# #†# ##.##
#...### #.....#
#...#.# ##.##.#
#.##.#


You could see an orc warrior, an orc wizard and 4 orcs.

Vanquished Creatures
  Eustachio (D:5)
  An orc warrior (D:6)
  5 ogres
  A kobold brigand (D:6)
  A bullfrog (D:6)
  Blork the orc (D:5)
  A jelly (D:6)
  3 hounds
  An orc priest (D:3)
  A centaur skeleton (D:6)
  5 worker ants
  An iguana (D:5)
  2 orc wizards
  A hound skeleton (D:4)
  A worker ant zombie (D:6)
  3 adders
  3 white imps
  2 ufetubi
  2 adder zombies (D:6)
  2 adder skeletons (D:4)
  A worm (D:2)
  A dart slug (D:1)
  3 leopard geckos
  21 orcs
  2 ball pythons
  6 bats
  9 giant cockroaches
  9 goblins
  9 hobgoblins
  2 jackals (D:1)
  3 quokkas
  6 frilled lizards
  A jackal skeleton (D:4)
  8 kobolds
  2 leopard gecko skeletons
  4 rats
125 creatures vanquished.

Vanquished Creatures (others)
  3 fungi (D:4)
  2 plants (D:6)
5 creatures vanquished.

Grand Total: 130 creatures vanquished

Notes
Turn   | Place    | Note
-------+----------+-------------------------------------------
     0 | D:1      | tilp the Octopode Transmuter began the quest for the Orb.
     0 | D:1      | Reached XP level 1. HP: 13/13 MP: 3/3
    60 | D:1      | Reached skill level 1 in Stealth
   256 | D:1      | Reached XP level 2. HP: 18/18 MP: 3/5
   259 | D:1      | Learned a level 2 spell: Wereblood
   858 | D:1      | Reached XP level 3. HP: 18/23 MP: 6/6
  1859 | D:2      | You fall into a shaft and drop 2 floors!
  1859 | D:4      | Found a snail-covered altar of Cheibriados.
  1871 | D:4      | Reached XP level 4. HP: 22/29 MP: 5/7
  2670 | D:2      | Reached XP level 5. HP: 35/35 MP: 8/8
  3077 | D:2      | Found a runed translucent door.
  3078 | D:2      | Noticed Crazy Yiuf
  3164 | D:3      | Reached skill level 4 in Unarmed Combat
  3306 | D:3      | Found a faded altar of an unknown god.
  3416 | D:3      | Found a glowing silver altar of Zin.
  3621 | D:3      | Found an iron altar of Okawaru.
  3628 | D:3      | Became a worshipper of Warmaster Okawaru
  4032 | D:4      | Found a white marble altar of Elyvilon.
  4350 | D:4      | Noticed an ogre
  4350 | D:4      | Noticed an ogre
  4517 | D:4      | Found a hide-covered altar of Uskayaw.
  4554 | D:4      | Reached XP level 6. HP: 39/42 MP: 6/9
  5031 | D:4      | Reached skill level 5 in Unarmed Combat
  5127 | D:4      | Found a burning altar of Makhleb.
  5235 | D:4      | Reached XP level 7. HP: 48/48 MP: 8/10
  5260 | D:4      | Reached * piety under Okawaru
  5261 | D:4      | Reached skill level 6 in Unarmed Combat
  5543 | D:5      | Entered Level 5 of the Dungeon
  5548 | D:5      | Noticed Eustachio
  6002 | D:5      | Killed Eustachio
  6121 | D:5      | Found a staircase to the Ecumenical Temple.
  6303 | D:5      | Found Maass's Antique Weapon Shop.
  6408 | D:5      | Reached XP level 8. HP: 31/54 MP: 11/11
  6808 | D:5      | Noticed Blork the orc
  6817 | D:5      | Killed Blork the orc
  6817 | D:5      | Reached ** piety under Okawaru
  6823 | D:5      | Learned a level 3 spell: Spider Form
  6840 | D:5      | Found a shimmering blue altar of Sif Muna.
  7065 | D:5      | Noticed Dowan
  7385 | D:6      | Reached skill level 1 in Poison Magic
  7471 | D:6      | Found a blossoming altar of Fedhas.
  7484 | D:6      | Found a glowing golden altar of the Shining One.
  7541 | D:6      | Found a hazy altar of Hepliaklqana.
  7672 | D:6      | Found Uceuwafu's Jewellery Boutique.
  7711 | D:6      | Slain by an orc warrior

Illustrated notes

Levels and vault maps discovered:
D:1:      amcnicky_arrival_underground_garden, layout_rooms,
          minmay_misc_feat_secret_circle, grunt_decor_one_mirror,
          chequers_arboretum
D:2:      layout_loops_cross, uniq_crazy_yiuf_cottage
D:3:      layout_loops_ring, lemuel_doored_altar,
          nicolae_overflow_crystal_walls, chequers_ecumenical_altar_simple_redux
D:4:      layout_loops_cross, marbit_many_paths, elyvilon_altar_1,
          lemuel_coloured_pillars_altar, makhleb_heckhound_becter,
          kennysheep_generic_room_2
D:5:      kennysheep_steamy, layout_loops_corners, kennysheep_little_box,
          minmay_temple_entry_tees, serial_shops, nicolae_shop_stone,
          uniq_eustachio, uniq_duvessa, uniq_blork_the_orc
D:6:      layout_loops_ring, nicolae_hepliaklqana_hazy_memory,
          kennysheep_vampire_church, grunt_temple_overflow_open, serial_shops,
          nicolae_shop_statue_plus, gammafunk_ghost_nasty_kobolds

Skill      XL: |  1  2  3  4  5  6  7  8 |
---------------+-------------------------+-----
Stealth        | 2 3 4 |  4.0
Fighting       | 2 3 4 |  4.0
Unarmed Combat | 4 5 6 |  6.0
Invocations    | 4 |  4.0
Evocations     | 3 4 |  4.0
Poison Magic   | 2 |  2.0
Transmutations | 4 |  4.3
Spellcasting   | 3 |  3.2
Dodging        | |  2.0

Action                   |  1- 3 |  4- 6 |  7- 9 || total
-------------------------+-------+-------+-------++-------
Melee: Unarmed           |    79 |   131 |   114 ||   324
       Constrict         |    23 |    35 |    29 ||    87
       Kick              |    16 |    25 |    30 ||    71
       Tentacles         |    15 |    19 |    18 ||    52
       Punch             |       |     4 |     5 ||     9
Throw: Stone             |       |     5 |       ||     5
       Dart              |       |    18 |    25 ||    43
       Javelin           |       |       |     2 ||     2
 Cast: Beastly Appendage |    19 |    22 |    17 ||    58
       Wereblood         |     4 |     9 |     9 ||    22
Evoke: Wand              |       |       |    11 ||    11
  Use: Scroll            |     1 |     5 |     7 ||    13
       Potion            |       |     2 |       ||     2
 Stab: Sleeping          |     5 |     6 |     3 ||    14
Armor: Skin              |     7 |    17 |    14 ||    38
Dodge: Dodged            |    33 |    53 |    53 ||   139

Table legend: (Time is in decaauts)
 A = Elapsed time spent in this place.
 B = Non-inter-level travel time spent in this place.
 C = Inter-level travel time spent in this place.
 D = Time resting spent in this place.
 E = Time spent auto-exploring this place.
 F = Levels seen in this place.
 G = Mean time per level.
                   A        B        C        D        E       F      G
               +--------+--------+--------+--------+--------+-----+--------+
         Total |   7689 |   7381 |    308 |   1854 |   4447 |   6 | 1281.5 |
       Dungeon |   7689 |   7381 |    308 |   1854 |   4447 |   6 | 1281.5 |
               +--------+--------+--------+--------+--------+-----+--------+

Top non-repeatable levels by time:
     D:4: 2165 daAuts
     D:1: 1457 daAuts
     D:5: 1365 daAuts
     D:2: 1216 daAuts
     D:3: 1123 daAuts
     D:6: 361 daAuts
